 Dungeon Crawl Stone Soup version 0.32-a0-450-g080537f (webtiles) character file.

Game seed: 2303303615119846932

928 GeorgeSoros the Chopper (level 8, 0/62 HPs)
             Began as a Coglin Berserker on Feb 21, 2024.
             Was a Priest of Trog.
             Slain by an acid dragon (1 damage)
             ... on level 5 of the Dungeon on Feb 23, 2024.
             The game lasted 00:14:38 (3564 turns).

GeorgeSoros the Chopper (Coglin Berserker)          Turns: 3564, Time: 00:14:40

Health: 0/62       AC:  5    Str: 19    XL:     8   Next: 11%
Magic:  8/8        EV:  9    Int:  6    God:    Trog [***...]
Gold:   354        SH:  0    Dex: 15    Spells: 7/7 levels left

rFire   . . .        o - +2 spear (vamp) {Navbir}
rCold   . . .        g - +1 war axe {Berta}
rNeg    . . .        p - +0 chain mail
rPois   .            (no helmet)
rElec   .            (no cloak)
rCorr   .            (no gloves)
SInv    +            (no boots)
Will    .....        (no amulet) Stlth
                     c - ring of see invisible
HPRegen 0.30/turn    (no ring)
MPRegen 0.11/turn

%: no passive effects
@: corroded, immotile, revving
A: off-hand wielding, slow wielding, warmup strikes, legs shutdown
a: Renounce Religion, Berserk, Trog's Hand


You were on level 5 of the Dungeon.
You worshipped Trog.
Trog was most pleased with you.
You visited 1 branch of the dungeon, and saw 5 of its levels.

You collected 354 gold pieces.

Inventory:

Hand Weapons
 a - a +0 hand axe {Decima}
 f - a +0 spear {Haruki}
 g - a +1 war axe (offhand) {Berta}
 o - a +2 vampiric spear (weapon) {Navbir}
Armour
 b - a +1 animal skin
 n - a +0 leather armour of fire resistance
 p - a +0 chain mail (worn)
Jewellery
 c - a ring of see invisible (left grasper)
Scrolls
 i - a scroll of enchant weapon
 m - a scroll of teleportation
 r - a scroll of silence
Potions
 d - a potion of curing
 e - 3 potions of enlightenment
 h - 2 potions of ambrosia
 j - a potion of invisibility {unknown}
 k - 2 potions of heal wounds {unknown}
 l - 2 potions of haste {unknown}
 q - 2 potions of brilliance {unknown}


   Skills:
 + Level 5.3 Fighting
 + Level 5.3 Axes
 + Level 4.4 Armour
 + Level 4.4 Dodging


You had 7 spell levels left.
You didn't know any spells.
Your spell library was empty.

Dungeon Overview and Level Annotations

Branches:
Dungeon (5/15)             Temple (0/1) D:4

Altars:
Dithmenos
Elyvilon
Fedhas
Yredelemnul
Zin

Shops:
D:1 *(=!!


Innate Abilities, Weirdness & Mutations

You can wield a second weapon in your off-hand.
It takes a long time for you to wield or remove held weapons.
Your first few attacks do less damage.
Attacking and casting redirects power from your legs.


Message History

You now have 344 gold pieces (gained 16).
You now have 354 gold pieces (gained 10).
You start resting.
HP restored.
Found a blossoming altar of Fedhas.
No target in view!
Found a stone staircase leading up.
l - 2 puce potions (gained 1)
An acid dragon comes into view.
The acid dragon roars!
You hear a shout!
An ogre comes into view. It is wielding a +0 giant spiked club.
The ogre shouts!
The acid dragon spits acid at you. The splash of acid hits you!
The acid corrodes you!
You hear a shout!
You hear an angry hiss.
You hit the acid dragon with your +1 war axe.
The acid dragon is lightly wounded.
You hit the acid dragon but do no damage.
The acid dragon bites you. The acid dragon completely misses you.
You slash the acid dragon with your +1 war axe!
The acid dragon is severely wounded.
You hit the ogre with your +1 war axe.
You hit the acid dragon but do no damage.
The acid dragon bites you!
The acid dragon claws you but does no damage.
The ogre hits you with a +0 giant spiked club!!
* * * LOW HITPOINT WARNING * * *
The acid dragon closely misses you. The acid dragon barely misses you.
Okay, then.
You don't know any spells.
Unknown command.
Okay, then.
You hit the acid dragon but do no damage.
The acid dragon is severely wounded.
You slash the ogre with your +1 war axe!
You closely miss the acid dragon with your +2 vampiric spear.
The ogre hits you with a +0 giant spiked club!
* * * LOW HITPOINT WARNING * * *
The acid dragon closely misses you. The acid dragon claws you.
You die...

....# .... #
##
#........#
#.#.
#........
#...
#....#..# #<
###.......
##
#........#
......OD.#
####
.......@.#
#..#
...#.....#
#.## ####..#
##.### #.##
#....#####
#.#
##.........
#.#
##.########.
#.# ##.## ##
##.####.##
#.#....#.#


You could see an acid dragon and an ogre.

Vanquished Creatures
  An ice beast (D:5)
  2 black bears
  An ogre (D:4)
  A phantom (D:4)
  A water moccasin zombie (D:5)
  A centaur zombie (D:5)
  2 bullfrog zombies (D:5)
  2 iguanas
  3 orc wizards (D:3)
  2 scorpion zombies (D:5)
  8 adders
  A dart slug (D:1)
  A ribbon worm (D:4)
  7 orcs (D:3)
  4 bats
  9 endoplasms
  4 giant cockroaches
  2 goblins
  8 hobgoblins
  18 jackals
  8 kobolds
  A quokka (D:4)
  7 ball pythons
  3 frilled lizards
  5 rats
102 creatures vanquished.

Vanquished Creatures (collateral kills)
  A hobgoblin (D:1)
  A jackal (D:1)
2 creatures vanquished.

Grand Total: 104 creatures vanquished

Notes
Turn   | Place    | Note
-------+----------+-------------------------------------------
     0 | D:1      | GeorgeSoros the Coglin Berserker began the quest for the
                  | Orb.
     0 | D:1      | Reached XP level 1. HP: 18/18 MP: 1/1
    34 | D:1      | Upgraded the game from 0.32-a0-427-g448f425 to
                  | 0.32-a0-432-g7d46fac
    89 | D:1      | Reached XP level 2. HP: 22/24 MP: 2/2
   273 | D:1      | Reached XP level 3. HP: 23/29 MP: 3/3
   324 | D:1      | Found Efiuny's Weapon Boutique.
   332 | D:1      | Found Amyrchiu's General Store.
   340 | D:1      | Found Elaz's Jewellery Emporium.
   385 | D:1      | Reached ** piety under Trog
   442 | D:1      | Found Paly's Distillery.
   503 | D:1      | Found Motypusch's Distillery.
   818 | D:1      | Upgraded the game from 0.32-a0-432-g7d46fac to
                  | 0.32-a0-438-g4efcb1c
   980 | D:1      | Upgraded the game from 0.32-a0-438-g4efcb1c to
                  | 0.32-a0-450-g080537f
  1204 | D:2      | Reached XP level 4. HP: 29/35 MP: 4/4
  1558 | D:2      | Found a faded altar of an unknown god.
  1692 | D:3      | Reached XP level 5. HP: 30/42 MP: 5/5
  1999 | D:3      | Reached *** piety under Trog
  2062 | D:3      | Found a faded altar of an unknown god.
  2066 | D:3      | Found a white marble altar of Elyvilon.
  2148 | D:3      | Found a glowing silver altar of Zin.
  2344 | D:3      | Found a shadowy altar of Dithmenos.
  2615 | D:4      | Noticed a phantom
  2645 | D:4      | Killed a phantom
  2646 | D:4      | Reached XP level 6. HP: 48/48 MP: 6/6
  2708 | D:4      | Noticed a black bear
  2714 | D:4      | Killed a black bear
  2928 | D:4      | Reached XP level 7. HP: 55/55 MP: 7/7
  3006 | D:4      | Found a staircase to the Ecumenical Temple.
  3061 | D:4      | You fall into a shaft and drop 1 floor!
  3061 | D:5      | Entered Level 5 of the Dungeon
  3167 | D:5      | Found a basalt altar of Yredelemnul.
  3182 | D:5      | Reached skill level 5 in Fighting
  3245 | D:5      | Reached skill level 5 in Axes
  3313 | D:5      | Reached XP level 8. HP: 56/62 MP: 8/8
  3494 | D:5      | Found a blossoming altar of Fedhas.
  3564 | D:5      | HP: 1/62 [ogre/+0 giant spiked club (11)]
  3564 | D:5      | Slain by an acid dragon

Illustrated notes

Levels and vault maps discovered:
D:1:      amcnicky_arrival_single_pillar, layout_basic, serial_shops, shop,
          shop, shop_statue, shop, shop
D:2:      layout_loops_ring, shapermc_ecumenical_altar_petra
D:3:      layout_basic, nicolae_overflow_ecumenical_swirl,
          general_overflow_altar, lemuel_round_altar, st_stairs_5,
          minmay_liquid_box, kennysheep_boxes
D:4:      layout_basic, minmay_temple_entry_butterflies
D:5:      layout_layer_cave, mainiacjoe_overflow_paths,
          nicolae_yredelemnul_corpse_copse, lemuel_round_altar, st_stairs_10

Skill      XL: |  1  2  3  4  5  6  7 |
---------------+----------------------+-----
Armour         | 2 3 4 |  4.4
Dodging        | 2 3 4 |  4.4
Fighting       | 4 5 |  5.3
Axes           | 4 5 |  5.3

Action                     |  1- 3 |  4- 6 |  7- 9 || total
---------------------------+-------+-------+-------++-------
  Melee: Hand axe          |    68 |    28 |       ||    96
         Spear             |    11 |    57 |    58 ||   126
         War axe           |    37 |    79 |    60 ||   176
 Invoke: Berserk           |     1 |     1 |       ||     2
    Use: Scroll            |     5 |     6 |     2 ||    13
         Potion            |       |       |     3 ||     3
   Stab: Sleeping          |     2 |     2 |       ||     4
 Armour: Animal skin       |    38 |    14 |       ||    52
         Leather armour    |       |    21 |       ||    21
         Chain mail        |       |     9 |    67 ||    76
  Dodge: Dodged            |    49 |    47 |    43 ||   139

Table legend: (Time is in decaauts)
 A = Elapsed time spent in this place.
 B = Non-inter-level travel time spent in this place.
 C = Inter-level travel time spent in this place.
 D = Time resting spent in this place.
 E = Time spent auto-exploring this place.
 F = Levels seen in this place.
 G = Mean time per level.
                   A        B        C        D        E       F      G
               +--------+--------+--------+--------+--------+-----+--------+
         Total |   3620 |   3497 |    123 |    438 |   2340 |   5 |  724.0 |
       Dungeon |   3620 |   3497 |    123 |    438 |   2340 |   5 |  724.0 |
               +--------+--------+--------+--------+--------+-----+--------+

Top non-repeatable levels by time:
     D:1: 892 daAuts
     D:2: 859 daAuts
     D:3: 836 daAuts
     D:4: 524 daAuts
     D:5: 506 daAuts
